 Dungeon Crawl Stone Soup version 0.27-a0-972-gd1521fd518 (webtiles) character file.

Game seed: 17278563989386224424

595 spiderkeys the Skirmisher (level 7, -2/54 HPs)
             Began as a Demonspawn Abyssal Knight on Apr 14, 2021.
             Was a Believer of Lugonu.
             Slain by Duvessa
             ... wielding a +1 short sword of speed
              (5 damage)
             ... on level 4 of the Dungeon.
             The game lasted 00:06:21 (4146 turns).

spiderkeys the Skirmisher (DsAK)                    Turns: 4146, Time: 00:06:21

Health: -2/54      AC:  9    Str: 15    XL:     7   Next: 16%
Magic:  9/9        EV:  9    Int: 13    God:    Lugonu [**....]
Gold:   178        SH:  9    Dex: 12    Spells: 6/6 levels left

rFire    . . .     SeeInvis .   a - +1 spear
rCold    . . .     Faith    .   i - +0 buckler
rNeg     . . .     Spirit   .   n - +0 scale mail
rPois    .         Reflect  +   (no helmet)
rElec    .         Harm     .   (no cloak)
rCorr    .         Rampage  .   (no gloves)
Will     .....                  (no boots)
Stlth    ..........             e - amulet of reflection
HPRegen  0.18/turn              (no ring)
MPRegen  0.11/turn              (no ring)

@: flying
A: thin metallic scales 2, demonic magic 1
a: Renounce Religion, Depart the Abyss, Bend Space


You were on level 4 of the Dungeon.
You worshipped Lugonu.
Lugonu was pleased with you.
You visited 1 branch of the dungeon, and saw 4 of its levels.
You visited the Abyss 1 time.

You collected 178 gold pieces.

Inventory:

Hand Weapons
 a - a +1 spear (weapon)
Armour
 i - a +0 buckler (worn)
 n - a +0 scale mail (worn)
Jewellery
 e - an amulet of reflection (around neck)
Scrolls
 b - a scroll of noise {unknown}
 d - a scroll of fog
 f - a scroll of vulnerability {unknown}
 g - a scroll of enchant armour {unknown}
 h - a scroll of fear {unknown}
 l - a scroll of teleportation {unknown}
 m - a scroll of immolation {unknown}
Potions
 c - a potion of ambrosia


   Skills:
 + Level 4.3 Fighting
 * Level 4.3 Polearms
 + Level 3.2 Armour
 - Level 1.3 Dodging
 * Level 3.4 Shields
 - Level 3.0 Invocations


You had 6 spell levels left.
You didn't know any spells.
Your spell library was empty.

Dungeon Overview and Level Annotations

Branches:
Dungeon (4/15)
 Temple: D:4-7

Altars:

Shops:
D:2 [

Annotations:
D:4 Dowan, Duvessa


Innate Abilities, Weirdness & Mutations

You are mostly covered in thin metallic scales. (AC +3)
Spells you cast may paralyse adjacent enemies.


Message History

You block Duvessa's attack.
You hit Duvessa but do no damage.
Duvessa is almost dead.
Duvessa hits you with a +1 short sword of speed.
* * * LOW HITPOINT WARNING * * *
Duvessa says, "Where magic fails, the sword succeeds!"
You block Duvessa's attack.
You feel better.
Duvessa hits you with a +1 short sword of speed.
* * * LOW HITPOINT WARNING * * *
You barely miss Duvessa.
Duvessa is almost dead.
Duvessa barely misses you. Duvessa hits you but does no damage.
You hit Duvessa but do no damage.
Duvessa is almost dead.
You block Duvessa's attack.
You hit Duvessa.
Duvessa is almost dead.
Duvessa hits you with a +1 short sword of speed.
* * * LOW HITPOINT WARNING * * *
You hit Duvessa but do no damage.
Duvessa is almost dead.
Duvessa gestures with her weapon.
You block Duvessa's attack.
Duvessa hits you with a +1 short sword of speed.
* * * LOW HITPOINT WARNING * * *
Space bends around you!
You blink.
Okay, then.
Reach: a) +1 spear
Press: ? - help, Dir - move target, f/p - Duvessa
Aim: Duvessa, wielding a +1 short sword of speed and wearing a +0 leather armour (almost dead, about 31% to evade your +1 spear)
Okay, then.
It was a potion of magic.
Magic courses through your body.
Okay, then.
Okay, then.
It was a potion of flight.
You feel very buoyant.
You fly up into the air.
Duvessa hits you with a +1 short sword of speed.
You die...

#####.#####.......#
##.....# ###.....#
...##### #.....# .
...## #>....# ..
....#### #.)...##...
#......# ####..........
#......####............
##......##..##.....#...
###.......####.@###..(
#....##..##.e..#....
#....###)#..##.#.####
#...[...)..)##......##
#...###...!<##e......##
###...#.....#.........#
###.......#.........#
####..............#
#..........<...#


You could see Duvessa and Dowan.

Vanquished Creatures
  Grinder (D:3)
  An ogre (D:4)
  A necrophage (D:3)
  2 hounds
  A jelly (D:3)
  An iguana (D:4)
  A gnoll (D:1)
  An adder (D:3)
  A worm (D:3)
  6 dart slugs
  6 orcs
  2 bats
  4 endoplasms
  5 giant cockroaches
  11 goblins
  5 hobgoblins
  3 jackals (D:2)
  4 quokkas
  6 ball pythons
  3 frilled lizards
  7 kobolds
  5 rats
77 creatures vanquished.

Notes
Turn   | Place    | Note
-------+----------+-------------------------------------------
     0 | Abyss:1  | spiderkeys the Demonspawn Abyssal Knight began the quest
                  | for the Orb.
     0 | Abyss:1  | Reached XP level 1. HP: 18/18 MP: 2/2
    72 | Abyss:1  | Noticed a wretched star
    76 | Abyss:1  | Noticed a raiju
    84 | D:1      | Escaped the Abyss
   223 | D:1      | Reached skill level 1 in Dodging
   286 | D:1      | Reached * piety under Lugonu
   287 | D:1      | Gained mutation: You are partially covered in thin metallic
                  | scales. (AC +2) [demonic ancestry]
   287 | D:1      | Reached XP level 2. HP: 24/24 MP: 4/4
   632 | D:1      | Gained mutation: Spells you cast may paralyse adjacent
                  | enemies. [demonic ancestry]
   632 | D:1      | Reached XP level 3. HP: 27/29 MP: 5/5
   910 | D:2      | Found Iteig's Antique Armour Emporium.
  1388 | D:2      | Reached ** piety under Lugonu
  1652 | D:3      | Reached XP level 4. HP: 35/35 MP: 6/6
  1695 | D:3      | Noticed a necrophage
  1722 | D:3      | Killed a necrophage
  1723 | D:3      | Reached skill level 1 in Shields
  1723 | D:3      | Gained mutation: You are mostly covered in thin metallic
                  | scales. (AC +3) [demonic ancestry]
  1723 | D:3      | Reached XP level 5. HP: 36/41 MP: 7/7
  2730 | D:4      | Noticed Duvessa
  2730 | D:4      | Noticed Dowan
  3339 | D:4      | Reached XP level 6. HP: 45/48 MP: 8/8
  3621 | D:4      | Noticed Grinder
  3625 | D:4      | Paralysed by Grinder for 4 turns
  3655 | D:3      | Paralysed by Grinder for 5 turns
  3678 | D:3      | HP: 1/48 [Grinder (4)]
  3690 | D:3      | Killed Grinder
  3691 | D:3      | Reached XP level 7. HP: 24/54 MP: 9/9
  4146 | D:4      | Slain by Duvessa

Illustrated notes

Levels and vault maps discovered:
D:1:      minmay_arrival_solitary_statue, layout_rooms, st_stairs_1,
          palyth_stone_intersect, kennysheep_minor_cross
D:2:      layout_rooms, serial_shops, shop
D:3:      minmay_diamond_boxcup, layout_basic
D:4:      layout_rooms, lemuel_mausoleum_altar_yredelemnul, uniq_grinder,
          uniq_duvessa

Skill      XL: |  1  2  3  4  5  6 |
---------------+-------------------+-----
Dodging        | 1 |  1.3
Polearms       | 2 3 4 |  4.3
Armour         | 2 3 |  3.2
Invocations    | 3 |  3.0
Shields        | 1 2 3 |  3.4
Fighting       | 4 |  4.3

Action                   |  1- 3 |  4- 6 |  7- 9 || total
-------------------------+-------+-------+-------++-------
Melee: Spear             |   141 |   201 |    49 ||   391
Invok: Depart the Abyss  |     1 |       |       ||     1
       Bend Space        |       |       |     1 ||     1
  Use: Scroll            |       |     3 |       ||     3
       Potion            |       |     2 |     3 ||     5
 Stab: Sleeping          |     3 |       |       ||     3
Armor: Leather armour    |    28 |    17 |       ||    45
       Ring mail         |       |    29 |       ||    29
       Scale mail        |       |    10 |    13 ||    23
Dodge: Dodged            |    52 |    51 |    13 ||   116
Block: Buckler           |    16 |    64 |    18 ||    98
       Other             |     5 |       |       ||     5
       Reflection        |     1 |     1 |       ||     2

Table legend: (Time is in decaauts)
 A = Elapsed time spent in this place.
 B = Non-inter-level travel time spent in this place.
 C = Inter-level travel time spent in this place.
 D = Time resting spent in this place.
 E = Time spent auto-exploring this place.
 F = Levels seen in this place.
 G = Mean time per level.
                   A        B        C        D        E       F      G
               +--------+--------+--------+--------+--------+-----+--------+
         Total |   4143 |   3888 |    255 |    511 |   2667 |   5 |  828.6 |
       Dungeon |   4059 |   3804 |    255 |    511 |   2595 |   4 | 1014.8 |
         Abyss |     84 |     84 |      0 |      0 |     72 |   1 |   84.0 |
               +--------+--------+--------+--------+--------+-----+--------+

Top non-repeatable levels by time:
     D:3: 2173 daAuts
     D:1: 818 daAuts
     D:2: 577 daAuts
     D:4: 490 daAuts
 Abyss:1: 84 daAuts
